 Dungeon Crawl Stone Soup version 0.31-a0-833-gc15d34cb79 (webtiles) character file.

Game seed: 43406254065886800

2 Bravepunisher the Ducker (level 1, -2/11 HPs)
             Began as a Spriggan Monk on Sept 25, 2023.
             Slain by an iguana (13 damage)
             ... on level 4 of the Dungeon.
             The game lasted 00:01:29 (278 turns).

Bravepunisher the Ducker (Spriggan Monk)             Turns: 278, Time: 00:01:30

Health: -2/11      AC:  2    Str:  7    XL:     1   Next: 33%
Magic:  2/2        EV: 18    Int: 11    God:
Gold:   10         SH:  0    Dex: 17    Spells: 0/0 levels left

rFire   . . .        a - +0 short sword
rCold   . . .        (no shield)
rNeg    . . .        b - +0 robe
rPois   .            (helmet restricted)
rElec   .            (no cloak)
rCorr   .            (gloves unavailable)
SInv    +            (boots unavailable)
Will    .....        (no amulet)
Stlth   ++           (no ring)
HPRegen 0.21/turn    (no ring)
MPRegen 0.08/turn

%: no passive effects
@: very quick
A: very small, no large weapons, unfitting armour, see invisible, speed 3
a: no special abilities


You were on level 4 of the Dungeon.
You visited 1 branch of the dungeon, and saw 4 of its levels.

You collected 10 gold pieces.

Inventory:

Hand Weapons
 a - a +0 short sword (weapon)
Armour
 b - a +0 robe (worn)
Scrolls
 d - a scroll of fear {unknown}
 e - a scroll of poison {unknown}


   Skills:
 * Level 2.5 Fighting
 - Level 3.2 Short Blades
 + Level 4.1 Dodging


You couldn't memorise any spells.
You didn't know any spells.
Your spell library was empty.

Dungeon Overview and Level Annotations

Branches:
Dungeon (4/15)
 Temple: D:4-7

Altars:
Fedhas
Gozag

Annotations:
D:3 Terence


Innate Abilities, Weirdness & Mutations

You are very small and have problems with some larger weapons.
You are too small for most types of armour.
You have supernaturally acute eyesight. (SInv)
You cover ground extremely quickly. (Speed+++)


Message History

Found 10 gold pieces.
Found a blossoming altar of Fedhas.
An adder comes into view.
The adder hisses angrily.
You now have 10 gold pieces.
A kobold comes into view. It is wielding a +0 club.
A goblin comes into view. It is wielding a +0 dagger.
Found a stone staircase leading down.
The goblin shouts!
A scorpion comes into view.
The kobold hits you with a +0 club. The goblin closely misses you.
The scorpion attacks as it pursues you!
The scorpion stings you but does no damage.
The scorpion attacks as it pursues you! The scorpion closely misses you.
Found an opulent altar of Gozag.
Found a flail.
As you open the door, it creaks loudly!
There is an open door here.
An endoplasm comes into view.
The endoplasm quivers.
You hit the endoplasm.
The endoplasm is almost dead.
The endoplasm misses you.
You hit the endoplasm.
You kill the endoplasm!
An iguana comes into view.
The iguana hisses angrily.
You are confused.
You feel invigorated. The iguana barely misses you.
You bump into the rock wall.
The iguana bites you but does no damage.
You are too confused!
Unknown command.
You bump into the rock wall.
You feel less invigorated.
You feel less confused. The iguana misses you.
You closely miss the iguana. The iguana bites you!
Ouch! That really hurt!
You die...

###
+.#
+.#
+.#
#.##
#..
#l#
###@#
#.#.#
#.#.#
#
#.#.#
##
#.#s#
.#####
#.#.#
.....#
#.#.#
.....#
#.#.#
.....#
#.#.#


You could see a scorpion and an iguana.

Vanquished Creatures
  2 endoplasms
2 creatures vanquished.

Notes
Turn   | Place    | Note
-------+----------+-------------------------------------------
     0 | D:1      | Bravepunisher the Spriggan Monk began the quest for the
                  | Orb.
     0 | D:1      | Reached XP level 1. HP: 11/11 MP: 2/2
    81 | D:3      | Noticed Terence
   126 | D:4      | Found a blossoming altar of Fedhas.
   188 | D:4      | Noticed a scorpion
   198 | D:4      | Found an opulent altar of Gozag.
   270 | D:4      | Noticed an iguana
   278 | D:4      | Slain by an iguana

Illustrated notes

Levels and vault maps discovered:
D:1:      evilmike_arrival_plus, layout_rooms, hangedman_decor_growths,
          dreamdust_princess_corridor
D:2:      layout_loops_ring, grunt_decor_fettered, grunt_ministairs_9,
          chequers_serial_rivers_small_3
D:3:      layout_rooms, uniq_terence
D:4:      layout_basic, mainiacjoe_overflow_paths, old_standard_altar,
          corexii_hall_statues_t, minmay_misc_feat_doors, kennysheep_donut,
          uniq_pikel, uniq_robin

Action                     || total
---------------------------++-------
  Melee: Short sword       ||     6
    Use: Potion            ||     1
 Armour: Robe              ||     4
  Dodge: Dodged            ||     9

Table legend: (Time is in decaauts)
 A = Elapsed time spent in this place.
 B = Non-inter-level travel time spent in this place.
 C = Inter-level travel time spent in this place.
 D = Time resting spent in this place.
 E = Time spent auto-exploring this place.
 F = Levels seen in this place.
 G = Mean time per level.
                   A        B        C        D        E       F      G
               +--------+--------+--------+--------+--------+-----+--------+
         Total |    177 |    177 |      0 |      0 |     19 |   4 |   44.2 |
       Dungeon |    177 |    177 |      0 |      0 |     19 |   4 |   44.2 |
               +--------+--------+--------+--------+--------+-----+--------+

Top non-repeatable levels by time:
     D:4: 99 daAuts
     D:3: 39 daAuts
     D:1: 24 daAuts
     D:2: 14 daAuts
